 Dungeon Crawl Stone Soup version 0.28.0 (webtiles) character file.

Game seed: 17051440379821073760

8876 Crownlay the Spear-Bearer (level 11, -1/101 HPs)
             Began as a Minotaur Gladiator on Feb 13, 2022.
             Was an Elder of Cheibriados.
             Slain by an eight-headed hydra (13 damage)
             ... on level 11 of the Dungeon.
             The game lasted 00:17:13 (13685 turns).

Crownlay the Spear-Bearer (Minotaur Gladiator)     Turns: 13685, Time: 00:17:14

Health: -1/101     AC: 12    Str: 32    XL:     11   Next: 15%
Magic:  13/13      EV: 11    Int: 15    God:    Cheibriados [****..]
Gold:   649        SH:  0    Dex: 23    Spells: 10/10 levels left

rFire   . . .      SeeInvis .   f - +4 trident (pain)
rCold   . . .      Faith    .   (no shield)
rNeg    . . .      Spirit   .   y - +0 chain mail
rPois   .          Reflect  .   (helmet unavailable)
rElec   .          Harm     .   (no cloak)
rCorr   .          Rampage  .   q - +2 pair of gloves
Will    .....                   r - +1 pair of boots
Stlth   ..........              (no amulet)
HPRegen 0.00/turn               (no ring)
MPRegen 0.13/turn               (no ring)

@: inhibited regen, very slow
A: horns 3, retaliatory headbutt, deformed body, low MP 1, inhibited
regeneration
a: Renounce Religion, Bend Time, Temporal Distortion, Slouch


You were on level 11 of the Dungeon.
You worshipped Cheibriados.
Cheibriados was greatly pleased with you.
You visited 2 branches of the dungeon, and saw 12 of its levels.
You also visited: Sewer.

You collected 649 gold pieces.

Inventory:

Hand Weapons
 f - a +4 trident of pain (weapon)
 J - the +7 shortbow of Frustration {venom, rF+ Int+3}
   (You found it on level 10 of the Dungeon)

   Any ammunition fired from it poisons the flesh of those it strikes.
   Int:       It affects your intelligence (+3).
   rF:        It protects you from fire.
Missiles
 d - a throwing net (quivered)
 l - 9 silver javelins
 o - 61 poisoned darts
 x - 3 boomerangs
 F - a curare-tipped dart
 K - 87 arrows
Armour
 c - a +0 hat
 q - a +2 pair of gloves (worn)
 r - a +1 pair of boots (worn)
 y - a +0 chain mail (worn)
 z - a +0 plate armour
Jewellery
 i - a ring of ice
Wands
 j - a wand of flame (10)
 A - a wand of iceblast (5)
 D - a wand of polymorph (15)
 E - a wand of charming (6)
 M - a wand of digging (3)
Scrolls
 a - a scroll of vulnerability
 g - 2 scrolls of fog
 h - a scroll of noise {unknown}
 m - 3 scrolls of enchant weapon
 n - a scroll of teleportation {unknown}
 s - a scroll of fear {unknown}
 B - a scroll of blinking {unknown}
 C - a scroll of silence {unknown}
 H - a scroll of acquirement {unknown}
 I - a scroll of magic mapping {unknown}
Potions
 b - 2 potions of brilliance {unknown}
 e - a potion of haste {unknown}
 k - 4 potions of magic
 p - 2 potions of mutation
 t - 2 potions of degeneration {unknown}
 u - 3 potions of curing
 v - a potion of berserk rage
 w - a potion of might {unknown}
 G - a potion of heal wounds {unknown}
 L - a potion of invisibility {unknown}
 N - a potion of resistance {unknown}


   Skills:
 + Level 10.8 Fighting
 - Level 14.2 Polearms
 + Level 2.9 Bows
 - Level 2.0 Throwing
 + Level 6.8 Armour
 - Level 3.2 Dodging
 + Level 6.8 Invocations


You had 10 spell levels left.
You didn't know any spells.
Your spell library contained the following spells:

 Spells                   Type           Power      Damage    Failure   Level
 Slow                     Hex            0%         N/A       73%         1
 Summon Small Mammal      Summ           0%         N/A       73%         1
 Corpse Rot               Necr/Air       0%         N/A       86%         2
 Poisonous Vapours        Pois/Air       0%         N/A       86%         2
 Call Canine Familiar     Summ           0%         N/A       97%         3
 Confusing Touch          Hex            0%         N/A       97%         3
 Dazzling Flash           Conj/Hex       0%         N/A       97%         3
 Summon Guardian Golem    Hex/Summ       0%         N/A       97%         3
 Teleport Other           Tloc           0%         N/A       97%         3
 Vampiric Draining        Necr           0%         2d6       97%         3
 Agony                    Necr           0%         N/A       100%        5
 Silence                  Hex/Air        0%         N/A       100%        5
 Disjunction              Tloc           0%         N/A       100%        8


Dungeon Overview and Level Annotations

Branches:
Dungeon (11/15)            Temple (1/1) D:4             Orc (0/2) D:9
  Sewer (visited)
   Lair: D:8-11

Altars:
Ashenzari
Cheibriados
Dithmenos
Elyvilon
Fedhas
Gozag
Hepliaklqana
Kikubaaqudgha
Makhleb
Nemelex Xobeh
Qazlal
Ru
Sif Muna
Trog
Yredelemnul
Zin

Shops:
D:10 :

Annotations:
D:6 2 transporters


Innate Abilities, Weirdness & Mutations

You have a pair of large horns on your head.
You reflexively headbutt those who attack you in melee.
Armour fits poorly on your strangely shaped body.
Your magical capacity is low. (-10% MP)
You do not regenerate when monsters are visible.


Message History

You furiously retaliate!
You headbutt the eight-headed hydra. The eight-headed hydra bites you. x2
The eight-headed hydra bites you but does no damage.
The eight-headed hydra bites you. The eight-headed hydra misses you.
The eight-headed hydra closely misses you.
The eight-headed hydra bites you.
You are too injured to fight recklessly!
You are too injured to fight recklessly!
You puncture the eight-headed hydra!
The eight-headed hydra is moderately wounded.
You hit the eight-headed hydra. You headbutt the eight-headed hydra!
The eight-headed hydra is severely wounded.
The eight-headed hydra bites you.
The eight-headed hydra bites you but does no damage. x2
The eight-headed hydra bites you!
* * * LOW HITPOINT WARNING * * *
The eight-headed hydra bites you but does no damage. x2
The eight-headed hydra bites you.
* * * LOW HITPOINT WARNING * * *
The eight-headed hydra closely misses you.
You hit the eight-headed hydra.
The eight-headed hydra is severely wounded.
The eight-headed hydra misses you.
The eight-headed hydra bites you but does no damage.
The eight-headed hydra misses you.
The eight-headed hydra closely misses you.
The eight-headed hydra bites you but does no damage.
The eight-headed hydra bites you!
* * * LOW HITPOINT WARNING * * *
The eight-headed hydra bites you.
* * * LOW HITPOINT WARNING * * *
The eight-headed hydra bites you but does no damage.
You puncture the eight-headed hydra!
You headbutt the eight-headed hydra, but do no damage.
The eight-headed hydra is almost dead.
It was a potion of mutation.
You feel extremely strange.
Your regeneration stops near monsters.
Your body twists and deforms.
You feel less energetic. The horns on your head grow some more.
Your +0 hat falls away!
The eight-headed hydra bites you!
You die...

...#.....#
#.#####.#
...#...#
###.#.###
#.....#..
###.#.###^#
#...#...#.#
#.#####.#.#
#.@Dl.#...#
#####.#####
... O#.#
J.... Y#
#.# $. ...
h# #.


You could see an eight-headed hydra and a komodo dragon.

Vanquished Creatures
  A two-headed ogre (D:11)
  2 komodo dragons
  A troll (D:10)
  A hornet (D:9)
  A slime creature (D:11)
  Sigmund (D:2)
  2 wraiths
  A wyvern (D:8)
  13 yaks (D:10)
  3 vampire mosquitoes (D:10)
  A steam dragon (D:8)
  Menkaure (D:4)
  Edmund (D:4)
  A sky beast (D:5)
  A necrophage (D:6)
  2 ice beasts
  4 orc warriors
  A centaur (D:10)
  6 ogres
  9 kobold brigands
  A gnoll sergeant (D:7)
  A wyvern zombie (D:6)
  A scorpion (D:4)
  A water moccasin zombie (D:6)
  A water moccasin skeleton (D:6)
  5 killer bees (D:8)
  A wight (D:6)
  6 howler monkeys
  3 centaur zombies
  2 bullfrog zombies (D:6)
  2 jellies
  A hound (D:4)
  8 orc priests
  A human zombie (D:6)
  A gnoll shaman (D:5)
  2 iguanas
  7 orc wizards
  A killer bee zombie (D:6)
  A hound skeleton (D:4)
  3 mummies (D:6)
  2 howler monkey skeletons
  3 howler monkey zombies
  11 gnolls
  11 adders
  A river rat (Sewer)
  2 shadow imps
  2 white imps
  8 worms
  2 dart slugs
  34 orcs
  17 endoplasms
  3 giant cockroaches
  2 goblins
  6 hobgoblins
  5 jackals
  17 kobolds
  4 quokkas
  8 ball pythons
  5 bats
  6 frilled lizards
  12 rats
263 creatures vanquished.

Vanquished Creatures (others)
  10 plants (D:7)
10 creatures vanquished.

Grand Total: 273 creatures vanquished

Notes
Turn   | Place    | Note
-------+----------+-------------------------------------------
     0 | D:1      | Crownlay the Minotaur Gladiator began the quest for the
                  | Orb.
     0 | D:1      | Reached XP level 1. HP: 18/18 MP: 0/0
    43 | D:1      | Reached skill level 4 in Polearms
    54 | D:1      | Reached XP level 2. HP: 8/25 MP: 1/1
   950 | D:1      | Reached XP level 3. HP: 18/31 MP: 2/2
  1182 | D:2      | Reached skill level 5 in Polearms
  1461 | D:2      | Reached XP level 4. HP: 38/38 MP: 3/3
  1926 | D:2      | Noticed Sigmund
  1943 | D:2      | Killed Sigmund
  1944 | D:2      | Reached skill level 7 in Polearms
  1944 | D:2      | Reached XP level 5. HP: 18/47 MP: 4/4
  1944 | D:2      | Reached XP level 6. HP: 20/53 MP: 5/5
  2597 | D:3      | Found a glowing drain.
  2604 | Sewer    | Entered a sewer
  2635 | Sewer    | Reached skill level 5 in Fighting
  2990 | Sewer    | Reached skill level 8 in Polearms
  3178 | Sewer    | Reached XP level 7. HP: 60/62 MP: 6/6
  3516 | Sewer    | Reached skill level 9 in Polearms
  4257 | D:3      | Found a faded altar of an unknown god.
  4718 | D:4      | Noticed Menkaure
  4726 | D:4      | Killed Menkaure
  4728 | D:4      | Reached XP level 8. HP: 34/71 MP: 7/7
  5002 | D:4      | Found a staircase to the Ecumenical Temple.
  5011 | Temple   | Entered the Ecumenical Temple
  5018 | Temple   | Became a worshipper of Cheibriados the Contemplative
  5127 | D:4      | Reached skill level 10 in Polearms
  5236 | D:4      | Found a glowing silver altar of Zin.
  5394 | D:4      | Reached skill level 1 in Invocations
  5413 | D:4      | You fall into a shaft and drop 2 floors!
  5485 | D:5      | Entered Level 5 of the Dungeon
  5824 | D:4      | Reached * piety under Cheibriados
  5875 | D:4      | Noticed Edmund
  5891 | D:4      | Killed Edmund
  5892 | D:4      | Reached skill level 11 in Polearms
  7003 | D:4      | Reached XP level 9. HP: 55/81 MP: 10/10
  7352 | D:6      | Reached ** piety under Cheibriados
  7814 | D:6      | Reached skill level 1 in Armour
  7885 | D:6      | Reached skill level 12 in Polearms
  7904 | D:6      | Found an ancient bone altar of Kikubaaqudgha.
  8137 | D:6      | Found a transporter.
  8162 | D:6      | Found a transporter.
  8162 | D:6      | Noticed a four-headed hydra
  8187 | D:6      | Found a sacrificial altar of Ru.
  8188 | D:6      | Found a burning altar of Makhleb.
  8756 | D:7      | Identified the +7 dagger of the Extremely Mad {drain, rElec
                  | Will++}
  8765 | D:7      | Got Sif Muna's Grimoire of the Compass
  8953 | D:7      | Found a hazy altar of Hepliaklqana.
 10118 | D:8      | Reached *** piety under Cheibriados
 10122 | D:8      | Reached skill level 13 in Polearms
 10436 | D:8      | Reached XP level 10. HP: 65/91 MP: 12/12
 10481 | D:8      | Reached skill level 5 in Invocations
 10817 | D:9      | Found a staircase to the Orcish Mines.
 11210 | D:9      | Found a white marble altar of Elyvilon.
 11604 | D:9      | Paralysed by a hornet for 3 turns
 11817 | D:9      | Found a shadowy altar of Dithmenos.
 12029 | D:10     | Entered Level 10 of the Dungeon
 12039 | D:10     | Found a bloodstained altar of Trog.
 12103 | D:10     | Reached **** piety under Cheibriados
 12110 | D:10     | Reached skill level 5 in Armour
 12140 | D:10     | Reached skill level 10 in Fighting
 12140 | D:10     | Reached skill level 14 in Polearms
 12468 | D:10     | Identified the +7 shortbow of Frustration {venom, rF+
                  | Int+3}
 12617 | D:10     | Reached skill level 1 in Bows
 12708 | D:10     | Found Qodwonka's Book Emporium.
 13142 | D:10     | Reached XP level 11. HP: 101/101 MP: 14/14
 13264 | D:10     | Found a shimmering blue altar of Sif Muna.
 13667 | D:11     | Noticed a two-headed ogre
 13667 | D:11     | Noticed an eight-headed hydra
 13675 | D:11     | Killed a two-headed ogre
 13685 | D:11     | Gained mutation: You do not regenerate when monsters are
                  | visible. [potion of mutation]
 13685 | D:11     | Gained mutation: Armour fits poorly on your strangely
                  | shaped body. [potion of mutation]
 13685 | D:11     | Gained mutation: Your magical capacity is low. (-10% MP)
                  | [potion of mutation]
 13685 | D:11     | Gained mutation: You have a pair of large horns on your
                  | head. [potion of mutation]
 13685 | D:11     | Slain by an eight-headed hydra

Illustrated notes

Levels and vault maps discovered:
D:1:      mushboom_english_gardens, layout_basic
D:2:      kb_forest_paths, layout_rooms, minmay_misc_feat_four_crosses,
          kennysheep_crisscross, uniq_sigmund
D:3:      layout_basic, gup_sewer_entry_bubbles,
          shapermc_ecumenical_altar_totnotflames
D:4:      kennysheep_six_static_rooms, layout_loops_corners,
          mainiacjoe_overflow_six_doors_small, minmay_temple_entry_overgrown,
          chequers_serial_rivers_small_a, uniq_edmund, uniq_menkaure
D:5:      layout_basic, minivault_25, nicolae_fountain_basement
D:6:      layout_loops_corners, gammafunk_temple_overflow_arena,
          lemuel_mausoleum_altar_kikubaaqudgha, uniq_crazy_yiuf_cottage
D:7:      layout_basic, nicolae_hepliaklqana_hazy_memory, serial_corexii_hall,
          corexii_hall_statues_deadend, corexii_hall_statues_x
D:8:      layout_loops_ring
D:9:      layout_loops_ring, nicolae_elyvilon_peaceful_grove,
          nicolae_dithmenos_shadow_blocks, orc_0_dummy,
          nicolae_underground_beach
D:10:     layout_gridville, nicolae_overflow_crystal_walls,
          mainiacjoe_overflow_alcove_1, serial_shops, nicolae_shop_behind_doors,
          chequers_serial_rivers_marsh
D:11:     layout_basic, lair_entry_dummy, minmay_the_grid_2x2
          [minmay_the_grid_minigrid_small, minmay_the_grid_paths,
          minmay_the_grid_rooms, minmay_the_grid_prize_big_room]
Temple:   cyrus_circular_temple

Skill      XL: |  1  2  3  4  5  6  7  8  9 10 |
---------------+-------------------------------+-----
Polearms       | 4 5 7 8 9 11 13 14 | 14.2
Fighting       | 3 4 5 6 8 9 10 | 10.8
Invocations    | 3 4 6 |  6.8
Armour         | 3 6 |  6.8
Bows           | 2 |  2.9
Throwing       | |  2.0
Dodging        | |  3.2

Action                   |  1- 3 |  4- 6 |  7- 9 | 10-12 || total
-------------------------+-------+-------+-------+-------++-------
Melee: Trident           |    70 |   140 |   481 |   169 ||   860
       Headbutt          |     9 |    16 |    71 |    41 ||   137
       Punch             |     2 |     1 |     6 |     2 ||    11
 Fire: Shortbow          |       |       |       |    15 ||    15
Throw: Throwing net      |       |       |     4 |       ||     4
Evoke: Wand              |       |       |       |     2 ||     2
  Use: Potion            |       |     3 |       |     1 ||     4
       Scroll            |       |     3 |     3 |     2 ||     8
 Stab: Held in net/web   |       |       |     5 |       ||     5
Armor: Leather armour    |    10 |    19 |    29 |       ||    58
       Chain mail        |       |       |    53 |    63 ||   116
Dodge: Dodged            |    37 |    36 |   126 |    48 ||   247
